 Dungeon Crawl Stone Soup version 0.27-a0-1191-g601b473118 (webtiles) character file.

Game seed: 12745215745277740002

52 polve the Slasher (level 3, -4/27 HPs)
             Began as a Demonspawn Gladiator on May 23, 2021.
             Slain by Sigmund
             ... wielding a +2 scythe of pain
              (11 damage)
             ... on level 2 of the Dungeon.
             The game lasted 00:01:48 (1311 turns).

polve the Slasher (Demonspawn Gladiator)            Turns: 1311, Time: 00:01:48

Health: -4/27      AC:  6    Str: 15    XL:     3   Next: 60%
Magic:  3/3        EV: 12    Int:  9    God:
Gold:   57         SH:  0    Dex: 14    Spells: 2/2 levels left

rFire    . . .     SeeInvis .   a - +0 long sword
rCold    . . .     Faith    .   (no shield)
rNeg     . . .     Spirit   .   j - +0 acid dragon scales
rPois    .         Reflect  .   (helmet restricted)
rElec    .         Harm     .   (no cloak)
rCorr    +         Rampage  .   (no gloves)
Will     .....                  (no boots)
Stlth    ..........             (no amulet)
HPRegen  0.09/turn              (no ring)
MPRegen  0.08/turn              (no ring)

@: confused, attractive
A: hooves 1, horns 1
a: no special abilities


You were on level 2 of the Dungeon.
You visited 1 branch of the dungeon, and saw 2 of its levels.

You collected 57 gold pieces.

Inventory:

Hand Weapons
 a - a +0 long sword (weapon)
Missiles
 d - 3 throwing nets (quivered)
Armour
 j - +0 acid dragon scales (worn)
Scrolls
 e - a scroll of identify {unknown}
 g - a scroll of acquirement {unknown}
 i - a scroll of vulnerability {unknown}


   Skills:
 - Level 2.1 Fighting
 - Level 3.1 Long Blades
 - Level 1.8 Throwing
 - Level 2.7 Dodging
 + Level 2.3 Unarmed Combat


You had 2 spell levels left.
You didn't know any spells.
Your spell library was empty.

Dungeon Overview and Level Annotations

Branches:
Dungeon (2/15)

Altars:

Shops:
D:1 [

Annotations:
D:2 Sigmund


Innate Abilities, Weirdness & Mutations

You have large cloven feet.
You have a pair of small horns on your head.


Message History

No target in view!
No target in view!
You now have 57 gold pieces (gained 10).
Sigmund the Dreaded comes into view.
He is wielding a +2 scythe of pain.
Sigmund shouts!
Sigmund drinks a potion.
Sigmund flickers and vanishes!
Deactivating autopickup; reactivate with Ctrl-A.
There is a strange disturbance nearby!
There is a strange disturbance nearby!
No target in view!
No target in view!
No target in view!
No target in view!
No target in view!
No target in view!
No target in view!
No target in view!
No target in view!
No target in view!
No target in view!
No target in view!
No target in view!
Something hits you!
You hear some strange, mumbled words.
A puff of flame appears from out of thin air!
The puff of flame misses you.
You barely miss something. Your kick misses something.
Something completely misses you.
You hear some strange, mumbled words.
You are confused.
You're too confused to move!
Something hits you but does no damage.
You bump into the rock wall.
Something hits you!
* * * LOW HITPOINT WARNING * * *
It was a potion of magic.
Magic courses through your body.
You hear some strange, mumbled words.
You are more confused.
It was a potion of attraction.
You feel attractive to monsters. Something hits you!
You die...

#######.###
#..@{......
#.#########
#.# #.# #.#
#.# #.# #.#
#.#


There were no monsters in sight!

Vanquished Creatures
  2 dart slugs (D:1)
  7 bats (D:1)
  An endoplasm (D:1)
  A giant cockroach (D:1)
  3 goblins (D:1)
  3 hobgoblins (D:1)
  11 jackals (D:1)
  2 quokkas (D:1)
  3 ball pythons
  8 kobolds (D:1)
  2 rats (D:1)
43 creatures vanquished.

Notes
Turn   | Place    | Note
-------+----------+-------------------------------------------
     0 | D:1      | polve the Demonspawn Gladiator began the quest for the Orb.
     0 | D:1      | Reached XP level 1. HP: 16/16 MP: 1/1
   306 | D:1      | Reached skill level 3 in Long Blades
   319 | D:1      | Gained mutation: You have a pair of small horns on your
                  | head. [demonic ancestry]
   319 | D:1      | Reached XP level 2. HP: 19/22 MP: 2/2
   500 | D:1      | Reached skill level 1 in Unarmed Combat
   660 | D:1      | Found Lerye's Antique Armour Emporium.
   725 | D:1      | Gained mutation: You have large cloven feet. [demonic
                  | ancestry]
   725 | D:1      | Reached XP level 3. HP: 26/27 MP: 3/3
  1304 | D:2      | Noticed Sigmund
  1311 | D:2      | Slain by Sigmund

Illustrated notes

Levels and vault maps discovered:
D:1:      tarquinn_simple_flora_water_d, layout_basic, serial_shops, shop,
          grunt_decor_mini_mirrors, hangedman_feature_mirror
D:2:      layout_basic, chequers_ecumenical_altar_simple, uniq_sigmund

Skill      XL: |  1  2  3 |
---------------+----------+-----
Long Blades    | 3 |  3.1
Unarmed Combat | 1 2 |  2.3
Fighting       | |  2.1
Throwing       | |  1.8
Dodging        | |  2.7

Action                   || total
-------------------------++-------
Melee: Long sword        ||    87
       Headbutt          ||    10
       Kick              ||     8
       Punch             ||     1
  Use: Potion            ||     2
 Stab: Sleeping          ||     2
Armor: Leather armour    ||    30
       Acid dragon scale ||     3
Dodge: Dodged            ||    82
       Rpst.: Long sword ||    27

Table legend: (Time is in decaauts)
 A = Elapsed time spent in this place.
 B = Non-inter-level travel time spent in this place.
 C = Inter-level travel time spent in this place.
 D = Time resting spent in this place.
 E = Time spent auto-exploring this place.
 F = Levels seen in this place.
 G = Mean time per level.
                   A        B        C        D        E       F      G
               +--------+--------+--------+--------+--------+-----+--------+
         Total |   1334 |   1319 |     15 |      0 |   1087 |   2 |  667.0 |
       Dungeon |   1334 |   1319 |     15 |      0 |   1087 |   2 |  667.0 |
               +--------+--------+--------+--------+--------+-----+--------+

Top non-repeatable levels by time:
     D:1: 1246 daAuts
     D:2: 87 daAuts
